 Dungeon Crawl Stone Soup version 0.18.1-48-g4cf74bf (webtiles) character file.

1138 Joat the Insei (level 8, 0/67 HPs)
             Began as a Pale Draconian Transmuter on Aug 19, 2016.
             Slain by a gnoll sergeant
             ... wielding a +4 trident of venom
              (11 damage)
             ... on level 6 of the Dungeon.
             The game lasted 00:35:44 (6672 turns).

Joat the Insei (Pale Draconian Transmuter)          Turns: 6672, Time: 00:35:45

Health: 0/67       AC:  8    Str: 13    XL:     8   Next: 14%
Magic:  10/11      EV: 17    Int: 14    God:
Gold:   306        SH:  0    Dex: 14    Spells: 3 memorised, 3 levels left

rFire  . . .     SeeInvis .     B - +9 hunting sling of Immorality {flame, Fragile rN+ Str+3}
rCold  . . .     Gourm    .     (armour unavailable)
rNeg   + . .     Faith    .     (no shield)
rPois  .         Spirit   .     (helmet restricted)
rElec  .         Dismiss  .     (no cloak)
rCorr  .         Reflect  .     r - +0 pair of gloves
SustAt .         Harm     .     m - +0 pair of boots
MR     .....                    (no amulet)
Stlth  +.........               t - -2 ring of strength (curse)
                                k - +4 ring of evasion

@: very slightly contaminated, invisible, not resistant to hostile enchantments,
very unstealthy
A: breathe steam, unfitting armour, cold-blooded, AC +6
a: Breathe Steam


You were on level 6 of the Dungeon.
You were hungry.

You visited 1 branch of the dungeon, and saw 6 of its levels.

You collected 306 gold pieces.

Inventory:

Hand Weapons
 s - a +1 blowgun
 B - the +9 hunting sling of Immorality (weapon) {flame, Fragile rN+ Str+3}
   (You found it on level 6 of the Dungeon)

   It causes projectiles fired from it to burn those they strike, causing extra
   injury to most foes and up to half again as much damage against particularly
   susceptible opponents.
   It affects your strength (+3).
   It protects you from negative energy.
   It will be destroyed if unequipped.
Missiles
 a - 122 arrows
 p - 192 stones (quivered)
 u - 4 poisoned needles
 E - 23 sling bullets
Armour
 e - a +0 large shield
 m - a +0 pair of boots (worn)
 r - a +0 pair of gloves (worn)
 v - a +0 buckler
Jewellery
 k - a +4 ring of evasion (left hand)
 t - a cursed -2 ring of strength (right hand)
 C - an uncursed ring of wizardry {unknown}
Wands
 D - a wand of polymorph (15/24)
Scrolls
 d - a scroll of fear
 n - 2 scrolls of recharging
 y - a scroll of enchant weapon
Potions
 f - 3 potions of degeneration {unknown}
 i - a potion of haste
 j - 2 potions of magic
 l - a potion of invisibility
 o - 2 potions of mutation
 x - a potion of agility
 z - a potion of cure mutation {unknown}
Books
 b - a book of Changes

   Spells                             Type                      Level
   a - Beastly Appendage              Transmutation                1
   b - Sticks to Snakes               Transmutation                2
   c - Spider Form                    Transmutation/Poison         3
   d - Ice Form                       Ice/Transmutation            4
   e - Blade Hands                    Transmutation                5
 g - a book of the Warp

   Spells                             Type                      Level
   a - Recall                         Summoning/Translocation      3
   b - Gell's Gravitas                Hexes/Translocation          3
   c - Force Lance                    Conjuration/Translocation    4
   d - Warp Weapon                    Charms/Translocation         5
   e - Summon Forest                  Summoning/Translocation      5
Comestibles
 c - 4 bread rations
 h - 4 meat rations
 q - 2 slices of pizza
 w - 3 fruits
 F - a chunk of flesh


   Skills:
 + Level 4.6 Fighting
 + Level 3.6 Dodging
 * Level 6.6 Unarmed Combat
 - Level 2.0 Spellcasting
 + Level 3.6 Transmutations
 + Level 3.9 Poison Magic


You had 3 spell levels left.
You knew the following spells:

 Your Spells              Type           Power        Failure   Level  Hunger
c - Ice Form              Ice/Trmt       #.......     95%         4    #####..
q - Beastly Appendage     Trmt           ##....       6%          1    ##.....
v - Spider Form           Trmt/Pois      ##........   17%         3    ####...


Dungeon Overview and Level Annotations

Branches:
Dungeon (6/15)
 Temple: D:4-7

Altars:
Elyvilon
Gozag
Sif Muna
Zin


Innate Abilities, Weirdness & Mutations

You can breathe blasts of scalding, opaque steam.
Your pale cyan-grey scales are hard (AC +6).
Your body does not fit into most forms of armour.
You are cold-blooded and may be slowed by cold attacks.


Message History

Drink which item? (? for menu, Esc to quit)
You fade into invisibility!
The orc wizard closely misses you.
You are very lightly contaminated with residual magic.
Firing (i - inventory. (,) - cycle):
p - 194 stones (quivered)
Press: ? - help, Shift-Dir - straight line, f - gnoll sergeant
Aim: a gnoll sergeant, wielding a trident of venom, wearing a ring mail and wearing a buckler (severely wounded)
You shoot a stone. The stone hits the orc wizard!
The stone burns the orc wizard.
The orc wizard is severely wounded.
The gnoll sergeant barely misses you. The orc wizard barely misses you.
Firing (i - inventory. (,) - cycle):
p - 193 stones (quivered)
Press: ? - help, Shift-Dir - straight line, f/p - gnoll sergeant
Aim: a gnoll sergeant, wielding a trident of venom, wearing a ring mail and wearing a buckler (severely wounded)
You shoot a stone. The stone hits the orc wizard.
The stone burns the orc wizard.
You kill the orc wizard!
The gnoll sergeant barely misses you.
The gnoll sergeant hits you from afar with a trident of venom!
You die...

######'#####
#.!.(....
#.......#
#.....(..
#....##.#
#...(.(.o
#....##.###
###g..(....
#######...#
#g)go...###
###.###o#######
#.#...#
#.#g######
#...)@...#
########.#


You could see a gnoll sergeant.

Vanquished Creatures
  An orc warrior (D:5)
  A phantom (D:4)
  An ogre (D:6)
  A centaur (D:5)
  2 giant frogs
  The ghost of daning the Charmwright, a weakling HESk (D:3)
  A howler monkey (D:5)
  A crimson imp (D:4)
  A quasit (D:6)
  An orc priest (D:4)
  3 hounds
  4 orc wizards (D:6)
  2 iguanas (D:4)
  2 worker ants
  3 hound skeletons
  2 worker ant zombies (D:5)
  3 adders
  A shadow imp (D:6)
  An ooze (D:3)
  An adder zombie (D:5)
  3 worms
  A dart slug (D:4)
  A giant gecko (D:1)
  19 orcs
  5 giant cockroaches
  9 goblins
  7 hobgoblins
  9 kobolds
  5 quokkas
  7 bats
  8 giant newts
  6 rats
113 creatures vanquished.

Notes
Turn   | Place    | Note
--------------------------------------------------------------
     0 | D:1      | Joat the Draconian Transmuter began the quest for the Orb.
     0 | D:1      | Reached XP level 1. HP: 16/16 MP: 3/3
    88 | D:1      | Reached XP level 2. HP: 1/23 MP: 5/5
  1387 | D:1      | Reached XP level 3. HP: 29/29 MP: 6/6
  1392 | D:1      | Learned a level 3 spell: Spider Form
  1723 | D:2      | Reached skill level 1 in Poison Magic
  1998 | D:2      | Found an opulent altar of Gozag.
  2102 | D:3      | Found a deep blue altar of Sif Muna.
  2138 | D:3      | Reached skill level 4 in Unarmed Combat
  2555 | D:3      | Reached XP level 4. HP: 36/36 MP: 7/7
  2905 | D:3      | Noticed daning's ghost (weakling HESk)
  2917 | D:3      | Killed daning's ghost
  3110 | D:4      | Reached XP level 5. HP: 42/42 MP: 8/8
  3176 | D:4      | Noticed a phantom
  3242 | D:4      | Killed a phantom
  3577 | D:4      | Reached XP level 6. HP: 50/50 MP: 9/9
  3585 | D:4      | Found a white marble altar of Elyvilon.
  3659 | D:4      | Learned a level 4 spell: Ice Form
  4246 | D:5      | Entered Level 5 of the Dungeon
  4263 | D:5      | Reached skill level 5 in Unarmed Combat
  4921 | D:5      | Your scales start taking on a pale cyan-grey colour.
  4921 | D:5      | Reached XP level 7. HP: 51/57 MP: 3/10
  5109 | D:5      | Found a glowing silver altar of Zin.
  5229 | D:6      | Reached skill level 6 in Unarmed Combat
  5804 | D:6      | Got a jewelled hunting sling
  5805 | D:6      | Identified the +9 hunting sling of Immorality {flame, Fragile rN+ Str+3} (You found it on level 6 of the Dungeon)
  5998 | D:4      | Reached XP level 8. HP: 67/67 MP: 1/11
  6672 | D:6      | Slain by a gnoll sergeant

Skill      XL: |  1  2  3  4  5  6  7 |
---------------+----------------------+-----
Dodging        | 2 3 |  3.6
Fighting       | 2 3 4 |  4.6
Poison Magic   | 1 2 3 |  3.9
Unarmed Combat | 4 5 6 |  6.6
Transmutations | 3 |  3.6
Spellcasting   | |  2.0

Action                   |  1- 3 |  4- 6 |  7- 9 || total
-------------------------+-------+-------+-------++-------
Melee: Unarmed           |   186 |   153 |   102 ||   441
       Tailslap          |    16 |     6 |    11 ||    33
       Punch             |     2 |       |     1 ||     3
       Headbutt          |     2 |     2 |       ||     4
       Hunting sling     |       |       |    59 ||    59
 Fire: Hunting sling     |       |       |    25 ||    25
 Cast: Beastly Appendage |     3 |     2 |       ||     5
       Spider Form       |       |    11 |    12 ||    23
 Abil: Breathe Steam     |       |       |     3 ||     3
       End Transformatio |       |       |     1 ||     1
  Use: Scroll            |     7 |     4 |     3 ||    14
       Potion            |       |       |     3 ||     3
 Stab: Sleeping          |     2 |       |       ||     2
  Eat: Chunk             |     5 |    10 |     8 ||    23
Armor: Skin              |    54 |    21 |    25 ||   100
Dodge: Dodged            |   126 |   116 |   160 ||   402
